 Dungeon Crawl Stone Soup version 0.30.1-1-g62c8e00024 (webtiles) character file.

Game seed: 7256589715461008050

19281 Elmgren the Warrior (level 12, -6/133 HPs)
             Began as a Minotaur Berserker on July 15, 2023.
             Was a High Priest of Trog.
             Mangled by an orc warrior
             ... wielding a +0 scimitar
              (12 damage)
             ... on level 10 of the Dungeon.
             The game lasted 00:21:07 (15067 turns).

Elmgren the Warrior (Minotaur Berserker)           Turns: 15067, Time: 00:21:07

Health: -6/133     AC: 15    Str: 26    XL:     12   Next: 35%
Magic:  11/11      EV:  6    Int:  4    God:    Trog [*****.]
Gold:   761        SH:  6    Dex: 11    Spells: 11/11 levels left

rFire   . . .        q - +4 hand axe
rCold   + . .        E - +0 kite shield
rNeg    . . .        i - +1 plate armour
rPois   +            (helmet restricted)
rElec   .            s - +0 cloak {Will+}
rCorr   .            h - +0 pair of gloves
SInv    .            z - +0 pair of boots
Will    +++..        B - amulet of faith Stlth
                     e - ring of protection from cold
HPRegen 1.42/turn    C - ring of poison resistance
MPRegen 0.12/turn

%: faith
@: strong-willed, on berserk cooldown, regenerating, slowed, very slow
A: horns 2, retaliatory headbutt
a: Renounce Religion, Berserk, Trog's Hand, Brothers in Arms


You were on level 10 of the Dungeon.
You worshipped Trog.
Trog was extremely pleased with you.
You visited 1 branch of the dungeon, and saw 10 of its levels.

You collected 761 gold pieces.

Inventory:

Hand Weapons
 q - a +4 hand axe (weapon)
Missiles
 A - 13 poisoned darts (quivered)
Armour
 h - a +0 pair of gloves (worn)
 i - a +1 plate armour (worn)
 s - a +0 cloak of willpower (worn)
 z - a +0 pair of boots (worn)
 E - a +0 kite shield (worn)
Jewellery
 e - a ring of protection from cold (left hand)
 B - an amulet of faith (around neck)
 C - a ring of poison resistance (right hand)
Wands
 a - a wand of charming (1)
 t - a wand of roots (12)
 v - a wand of flame (6)
Scrolls
 c - 2 scrolls of blinking
 d - a scroll of fog
 l - 9 scrolls of identify
 y - a scroll of teleportation {unknown}
 D - a scroll of enchant armour
Potions
 b - 4 potions of curing {unknown}
 f - 2 potions of attraction {unknown}
 g - a potion of mutation {unknown}
 j - 3 potions of brilliance
 k - 5 potions of heal wounds
 m - 5 potions of degeneration
 n - 3 potions of ambrosia {unknown}
 r - 2 potions of haste {unknown}
 u - a potion of berserk rage {unknown}
 w - a potion of flight {unknown}
Miscellaneous
 x - a condenser vane


   Skills:
 + Level 20.0 Fighting
 - Level 14.0 Axes
 - Level 2.4 Armour
 - Level 2.1 Dodging


You had 11 spell levels left.
You didn't know any spells.
Your spell library was empty.

Dungeon Overview and Level Annotations

Branches:
Dungeon (10/15) Zot: 26507  Temple (0/1) D:4
   Lair: D:8-11         Orc: D:9-12

Altars:
Cheibriados
Dithmenos
Elyvilon
Kikubaaqudgha
Makhleb
Nemelex Xobeh
Okawaru
Qazlal
Ru
Sif Muna
Trog
Xom
Yredelemnul
Zin

Shops:
D:2 (![[   D:4 (   D:5 *


Innate Abilities, Weirdness & Mutations

You have a pair of horns on your head.
You reflexively headbutt those who attack you in melee.


Message History

You take 2 damage, and have 45/133 hp.
You hit the ogre. You headbutt the ogre!
You hit the orc warrior but do no damage.
An ogre comes into view. It is wielding a +0 giant spiked club.
The orc warrior hits you with a +0 scimitar!
* * * LOW HITPOINT WARNING * * *
The ogre hits you with a +0 giant club!
* * * LOW HITPOINT WARNING * * *
You take 24 damage, and have 21/133 hp.
The ogre shouts!
You hit the ogre but do no damage. You hit the orc warrior.
You hear a shout!
An ogre comes into view. It is wielding a +0 giant spiked club.
You block the orc warrior's attack.
You're still recovering from your berserk rage.
Your skin crawls.
You feel strong-willed. The ogre hits you with a +0 giant club.
* * * LOW HITPOINT WARNING * * *
The orc warrior hits you but does no damage. x2
You take 2 damage, and have 19/133 hp.
You slash the ogre!
You hit the orc warrior but do no damage.
The ogre hits you with a +0 giant club!
* * * LOW HITPOINT WARNING * * *
The orc warrior hits you with a +0 scimitar!
* * * LOW HITPOINT WARNING * * *
You take 16 damage, and have 3/133 hp.
You slash the ogre!
You kill the ogre!
Trog accepts your kill.
You hit the orc warrior.
An orc comes into view. It is wielding a +0 whip.
The orc warrior closely misses you. You furiously retaliate!
You headbutt the orc warrior!
You regained 2 hp, and now have 5/133 hp.
You closely miss the orc warrior.
You headbutt the orc warrior, but do no damage.
The orc warrior hits you with a +0 scimitar!
You die...

....#..)## #.....
.......)[###......
P.................
P.......).).......
~~...............
P~.......))....##
# ♣~P......)....##
..###
~PP......)....#
...)..
~P......@)...#
......
........#oO...#
.......
.......##........
....... ###....
#O####### ......
##... #.# #..
#.... #... #o#
#..###>.. ##.. #.'
#...#.... ##. #.#
#(....... ##
#........


You could see an orc warrior, 2 ogres and an orc.

Vanquished Creatures
  4 two-headed ogres
  A sun demon (D:9)
  A deep elf pyromancer (D:8)
  5 cyclopes
  A smoke demon (D:9)
  2 orange demons (D:9)
  An unseen horror (D:10)
  3 kobold demonologists
  An ice devil (D:9)
  2 trolls
  Grinder (D:3)
  4 slime creatures
  A wraith (D:9)
  Sigmund (D:4)
  A shadow (D:7)
  3 wyverns
  A vampire (D:7)
  6 yaks
  Grum (D:8)
  A chaos spawn (D:9)
  Menkaure (D:4)
  3 steam dragons
  Edmund (D:6)
  7 wargs (D:9)
  3 water moccasins (D:7)
  7 orc warriors
  3 ice beasts
  3 hell hounds (D:9)
  A sky beast (D:7)
  7 ogres
  4 wolves (D:8)
  4 centaurs
  2 phantoms
  10 kobold brigands
  4 bullfrogs
  8 gnoll sergeants
  5 scorpions
  6 wights (D:7)
  5 killer bees (D:8)
  9 howler monkeys
  2 vampire bats (D:3)
  2 electric eels (D:7)
  4 quasits (D:9)
  A jelly (D:8)
  7 orc priests
  5 gnoll boudas
  Crazy Yiuf (D:2)
  4 hounds
  Ijyb (D:5)
  5 iguanas
  12 orc wizards
  Robin (D:4)
  8 gnolls
  4 adders
  A shadow imp (D:6)
  5 white imps
  2 ufetubi
  6 worms
  A dart slug (D:2)
  23 orcs
  6 ball pythons
  6 giant cockroaches
  21 goblins
  9 hobgoblins
  10 jackals
  20 kobolds
  7 quokkas
  12 bats
  9 frilled lizards
  5 rats
334 creatures vanquished.

Notes
Turn   | Place    | Note
-------+----------+-------------------------------------------
     0 | D:1      | Elmgren the Minotaur Berserker began the quest for the Orb.
     0 | D:1      | Reached XP level 1. HP: 19/19 MP: 0/0
   246 | D:1      | Reached skill level 4 in Fighting
   246 | D:1      | Reached XP level 2. HP: 21/27 MP: 1/1
   321 | D:1      | Found a sparkling altar of Nemelex Xobeh.
  1210 | D:2      | Reached XP level 3. HP: 29/34 MP: 2/2
  1269 | D:2      | Found Xeyduon's Antique Weapon Shoppe.
  1621 | D:2      | Reached ** piety under Trog
  1682 | D:2      | Found Ovuvaqeo's Antique Armour Boutique.
  1782 | D:2      | Reached XP level 4. HP: 38/41 MP: 3/3
  1822 | D:2      | Found a faded altar of an unknown god.
  1882 | D:2      | Reached skill level 5 in Fighting
  1891 | D:2      | Found Yckotac's Armour Boutique.
  1927 | D:2      | Reached skill level 5 in Axes
  2062 | D:2      | Found a shadowy altar of Dithmenos.
  2072 | D:2      | Identified the ring "Zeiq" {Wiz *Slow Int+3 Dex+4}
  2199 | D:2      | Found a runed translucent door.
  2200 | D:2      | Noticed Crazy Yiuf
  2234 | D:2      | Found Ejiom's Distillery.
  2401 | D:2      | Killed Crazy Yiuf
  2402 | D:2      | Reached XP level 5. HP: 19/49 MP: 4/4
  3563 | D:3      | Reached skill level 6 in Fighting
  3613 | D:3      | Noticed Grinder
  3619 | D:3      | Paralysed by Grinder for 2 turns
  3625 | D:3      | Killed Grinder
  3626 | D:3      | Reached skill level 7 in Fighting
  3626 | D:3      | Reached XP level 6. HP: 60/60 MP: 5/5
  3897 | D:3      | Reached XP level 7. HP: 42/66 MP: 6/6
  4237 | D:4      | Found Hoqeh's Antique Weapon Shop.
  4297 | D:4      | Reached *** piety under Trog
  4411 | D:4      | Noticed Sigmund
  4423 | D:4      | Killed Sigmund
  4424 | D:4      | Reached skill level 8 in Fighting
  4541 | D:4      | Noticed Robin
  4550 | D:4      | Killed Robin
  4928 | D:4      | Found a staircase to the Ecumenical Temple.
  4949 | D:4      | Reached XP level 8. HP: 60/75 MP: 7/7
  5130 | D:4      | Found a basalt altar of Yredelemnul.
  5279 | D:4      | Noticed Menkaure
  5292 | D:4      | Killed Menkaure
  5293 | D:4      | Reached skill level 9 in Fighting
  5711 | D:5      | Entered Level 5 of the Dungeon
  5720 | D:5      | Found Zin's Purification Station.
  5721 | D:5      | Found a glowing silver altar of Zin.
  5830 | D:5      | Noticed Ijyb
  5863 | D:5      | Killed Ijyb
  5935 | D:5      | Reached **** piety under Trog
  6213 | D:5      | Reached skill level 10 in Fighting
  6213 | D:5      | Reached skill level 10 in Axes
  6545 | D:6      | Noticed Edmund
  6569 | D:6      | Killed Edmund
  6680 | D:6      | Reached XP level 9. HP: 74/86 MP: 8/8
  7222 | D:6      | Reached skill level 11 in Fighting
  7837 | D:7      | Reached skill level 12 in Fighting
  7854 | D:7      | Noticed a cyclops
  7867 | D:7      | Killed a cyclops
  7876 | D:7      | Noticed a cyclops
  8026 | D:7      | Noticed a cyclops
  8033 | D:7      | Killed a cyclops
  8034 | D:7      | Reached XP level 10. HP: 100/100 MP: 9/9
  8222 | D:7      | Reached skill level 13 in Fighting
  8242 | D:7      | Noticed a two-headed ogre
  8250 | D:7      | Killed a two-headed ogre
  8255 | D:7      | Noticed a soul eater
  9090 | D:8      | Reached ***** piety under Trog
  9150 | D:8      | Reached skill level 14 in Fighting
  9333 | D:8      | Noticed Grum
  9359 | D:8      | Killed Grum
  9692 | D:9      | Reached skill level 15 in Fighting
 10206 | D:9      | Reached XP level 11. HP: 93/112 MP: 10/10
 10859 | D:9      | Noticed a deep elf pyromancer
 10953 | D:8      | Reached skill level 16 in Fighting
 11496 | D:8      | Killed a deep elf pyromancer
 11571 | D:9      | Noticed a soul eater
 12175 | D:9      | Noticed a two-headed ogre
 12243 | D:8      | Killed a two-headed ogre
 12244 | D:8      | Reached skill level 17 in Fighting
 12566 | D:9      | Noticed a two-headed ogre
 12573 | D:9      | Killed a two-headed ogre
 12847 | D:9      | Reached skill level 18 in Fighting
 13637 | D:9      | Found a bloodstained altar of Trog.
 13639 | D:9      | Found a sacrificial altar of Ru.
 13671 | D:9      | Reached XP level 12. HP: 129/129 MP: 11/11
 13684 | D:9      | Found a stormy altar of Qazlal.
 13687 | D:9      | Found a shimmering blue altar of Sif Muna.
 13688 | D:9      | Found an ancient bone altar of Kikubaaqudgha.
 13690 | D:9      | Found an iron altar of Okawaru.
 13691 | D:9      | Found a burning altar of Makhleb.
 13693 | D:9      | Found a snail-covered altar of Cheibriados.
 13697 | D:9      | Found a white marble altar of Elyvilon.
 13698 | D:9      | Found a shimmering altar of Xom.
 13754 | D:9      | Found a shadowy altar of Dithmenos.
 13898 | D:9      | Reached skill level 19 in Fighting
 14553 | D:10     | Entered Level 10 of the Dungeon
 14561 | D:10     | Noticed a two-headed ogre
 14567 | D:10     | Killed a two-headed ogre
 15038 | D:10     | Reached skill level 20 in Fighting
 15065 | D:10     | HP: 3/133 [orc warrior/+0 scimitar (7)]
 15067 | D:10     | Mangled by an orc warrior

Illustrated notes

Levels and vault maps discovered:
D:1:      saegor_arrival_simple_b, layout_basic, reono_crystal_passage,
          minmay_hexomino_r4
D:2:      minmay_angry_zag, layout_loops_corners, serial_shops, shop, shop,
          nicolae_shop_tiny_glass, nicolae_shop_waterfront,
          shapermc_ecumenical_altar_hornbeckon, basic_altar,
          minmay_statues_item, minmay_fractal_squares_5, uniq_crazy_yiuf_cottage
D:3:      layout_basic, roderic_batcave, uniq_grinder
D:4:      layout_loops_corners, kennysheep_mini_moat,
          minmay_temple_entry_crystal_x, serial_shops, nicolae_shop_trees,
          kennysheep_orc_chapel, uniq_menkaure, uniq_sigmund, uniq_robin
D:5:      layout_loops_ring, zin_purify, uniq_ijyb
D:6:      layout_basic, uniq_edmund
D:7:      nzn_winding_woodlands_large [nzn_winding_woodlands_5x5_perimeter,
          nzn_winding_woodlands_5x15_pool, nzn_winding_woodlands_5x5_default,
          nzn_winding_woodlands_center_lodge,
          nzn_winding_woodlands_15x15_five_gardens,
          nzn_winding_woodlands_center_triple_pond,
          nzn_winding_woodlands_5x5_open_star,
          nzn_winding_woodlands_5x15_pathside_ponds,
          nzn_winding_woodlands_5x5_closed_star], layout_basic,
          gammafunk_ghost_split
D:8:      layout_basic, uniq_grum
D:9:      lemuel_castle_with_subvaults [lemuel_castle_interior_original],
          layout_stronghold, nicolae_dithmenos_shadow_blocks,
          nicolae_overflow_hallway_of_the_gods, enter_bailey_5, serial_demonic,
          serial_demonic_c, serial_demonic_e, serial_demonic_c,
          serial_demonic_g, serial_demonic_d, serial_demonic_b, serial_demonic_g
D:10:     layout_big_octagon, kennysheep_orc_monster_closet_entryway,
          hangedman_decor_lopped, serial_bayou_pond_c

Skill      XL: |  1  2  3  4  5  6  7  8  9 10 11 12 |
---------------+-------------------------------------+-----
Fighting       | 4 5 7 8 10 12 15 18 20 | 20.0
Axes           | 4 5 6 7 8 10 12 14 | 14.0
Armour         | |  2.4
Dodging        | |  2.1

Action                     |  1- 3 |  4- 6 |  7- 9 | 10-12 || total
---------------------------+-------+-------+-------+-------++-------
  Melee: Hand axe          |    93 |   124 |   317 |   543 ||  1077
         Headbutt          |    13 |    16 |    51 |   108 ||   188
         Punch             |       |     1 |     3 |     4 ||     8
 Invoke: Berserk           |       |     2 |     5 |    15 ||    22
         Trog's Hand       |       |       |       |     3 ||     3
    Use: Scroll            |       |     7 |     5 |     1 ||    13
 Armour: Animal skin       |    11 |       |       |       ||    11
         Chain mail        |    27 |    70 |     5 |       ||   102
         Plate armour      |       |       |   129 |   241 ||   370
  Dodge: Dodged            |    59 |    55 |    82 |   137 ||   333
  Block: Kite shield       |       |       |       |    18 ||    18
